 Dungeon Crawl Stone Soup version 0.31-a0-233-g139696dc86 (webtiles) character file.

Game seed: 13801703960903376260

1225 qw the Skirmisher (level 8, -4/70 HPs)
             Began as a Minotaur Hexslinger on July 8, 2023.
             Was an Initiate of Okawaru.
             Slain by Pikel
             ... wielding a +2 whip of freezing
              (5 damage)
             ... on level 5 of the Dungeon.
             The game lasted 00:02:00 (3604 turns).

qw the Skirmisher (Minotaur Hexslinger)             Turns: 3604, Time: 00:02:00

Health: -4/70      AC: 12    Str: 14    XL:     8   Next: 23%
Magic:  8/8        EV: 13    Int: 10    God:    Okawaru [......]
Gold:   358        SH:  0    Dex: 14    Spells: 8/9 levels left

rFire   . . .        Y - +0 shortbow
rCold   + . .        (shield currently unavailable)
rNeg    . . .        j - +2 robe {Will+}
rPois   .            (helmet restricted)
rElec   .            o - +2 cloak
rCorr   .            f - +0 pair of gloves
SInv    .            (no boots)
Will    +....        (no amulet)
Stlth   +            e - ring of protection from cold
HPRegen 0.31/turn    n - +4 ring of protection
MPRegen 0.11/turn

%: no passive effects
@: no status effects
A: horns 2, retaliatory headbutt
a: Renounce Religion


You were on level 5 of the Dungeon.
You worshipped Okawaru.
Okawaru was noncommittal.
You visited 2 branches of the dungeon, and saw 7 of its levels.

You collected 358 gold pieces.


Innate Abilities, Weirdness & Mutations

You have a pair of horns on your head.
You reflexively headbutt those who attack you in melee.


   Skills:
 - Level 6.0 Fighting
 + Level 9.0 Ranged Weapons
 - Level 1.4 Armour
 - Level 3.5 Dodging
 - Level 1.0 Spellcasting
 - Level 2.0 Hexes


You had 8 spell levels left.
You knew the following spells:

 Your Spells              Type           Power      Damage    Failure   Level
a - Slow                  Hex            16%        N/A       16%         1

Your spell library contained the following spells:

 Spells                   Type           Power      Damage    Failure   Level
 Inner Flame              Hex/Fire       2%         N/A       56%         3
 Portal Projectile        Hex/Tloc       4%         N/A       56%         3
 Cause Fear               Hex            2%         N/A       83%         4

Inventory:

Hand Weapons
 Y - a +0 shortbow (weapon)
Armour
 a - a +2 robe of cold resistance
 f - a +0 pair of gloves (worn)
 j - a +2 robe of willpower (worn)
 o - a +2 cloak (worn)
Jewellery
 e - a ring of protection from cold (left hand)
 n - a +4 ring of protection (right hand)
Scrolls
 k - a scroll of identify
Potions
 b - 2 potions of might
 c - a potion of mutation {unknown}
 d - a potion of enlightenment {unknown}
 g - a potion of degeneration {unknown}
 h - a potion of curing
 i - a potion of lignification {unknown}
 l - a potion of magic {unknown}
 m - a potion of haste {unknown}

Dungeon Overview and Level Annotations

Branches:
Dungeon (6/15)             Temple (1/1) D:5

Altars:
Ashenzari
Dithmenos
Elyvilon
Fedhas
Gozag
Kikubaaqudgha
Okawaru
Qazlal
Ru
Sif Muna
Trog
Uskayaw
Vehumet
Wu Jian
Xom
The Shining One

Shops:
D:5 :

Annotations:
D:5 2 transporters, Pikel; qw's ghost, novice GrHs


Message History

The lemure completely misses you.
You shoot an arrow. The arrow barely misses Pikel.
The lemure barely misses you. Pikel closely misses you.
You furiously retaliate!
You headbutt Pikel. The lemure barely misses you. You furiously retaliate!
You headbutt the lemure, but do no damage.
You shoot an arrow. The arrow hits Pikel.
Pikel is severely wounded.
The lemure hits you but does no damage. The lemure hits you.
Pikel closely misses you.
You shoot an arrow. The arrow barely misses Pikel.
The lemure closely misses you. You furiously retaliate!
You headbutt the lemure, but do no damage.
The lemure barely misses you.
Pikel hits you with a +2 whip of freezing.
You shoot an arrow. The arrow closely misses Pikel.
The lemure misses you. You furiously retaliate!
You headbutt the lemure! The lemure closely misses you.
Pikel closely misses you. You furiously retaliate!
You headbutt Pikel! You shoot an arrow. The arrow closely misses Pikel.
The lemure hits you. The lemure completely misses you. You furiously retaliate!
You headbutt the lemure.
Pikel hits you with a +2 whip of freezing.
Pikel freezes you.
You shoot an arrow.
The arrow hits Pikel but does no damage.
Pikel is almost dead.
The lemure hits you. The lemure hits you but does no damage.
Pikel hits you but does no damage.
You shoot an arrow.
The arrow hits Pikel but does no damage.
Pikel is almost dead.
The lemure hits you. The lemure hits you but does no damage.
Pikel closely misses you.
You shoot an arrow. The arrow hits Pikel.
Pikel is almost dead.
You shoot an arrow. The arrow hits Pikel.
Pikel is almost dead.
The lemure barely misses you.
Pikel hits you with a +2 whip of freezing.
You die...

...##...##...#..#
....##...#......#
....#........##.#
.##.............#
..##.....#....###
#..#.....#...####
#.##..........#.#
................#####
...%#..........5@5..##
...##.......###K##...#
..##..###)#?.#####...#
.......##.#.######..######
.......##.#..#.##...###..##
..........#...<.....##....#
..........#.....##..#...###
................##.......##
........#....#.###........#


You could see Pikel and 2 lemures.

Vanquished Creatures
  Sigmund (D:3)
  An ice beast (D:5)
  An ogre (D:4)
  A lemure (D:5)
  Blork the orc (D:5)
  A bullfrog (D:4)
  2 scorpions (D:5)
  5 wights
  A howler monkey (D:5)
  2 jellies
  A sleepcap (D:5)
  Terence (D:3)
  2 iguanas
  3 gnolls (D:3)
  8 adders
  A white imp (D:4)
  An ufetubus (D:6)
  A dart slug (D:1)
  A worm (D:2)
  2 orcs (D:3)
  8 ball pythons
  5 bats
  7 endoplasms
  3 giant cockroaches
  5 goblins
  3 hobgoblins
  6 jackals
  6 quokkas
  5 frilled lizards
  10 kobolds
  5 rats
100 creatures vanquished.

Notes
Turn   | Place    | Note
-------+----------+-------------------------------------------
     0 | D:1      | qw the Minotaur Hexslinger began the quest for the Orb.
     0 | D:1      | Reached XP level 1. HP: 16/16 MP: 1/1
     0 | D:1      | 0 ||| qw: Version: 0.3-a-46-gb1f654a
     0 | D:1      | 0 ||| qw: Game counter: 3691
     0 | D:1      | 0 ||| qw: Melee chars always use a shield: true
     0 | D:1      | 0 ||| qw: God list: Okawaru
     0 | D:1      | 0 ||| qw: Allow faded altars: false
     0 | D:1      | 0 ||| qw: Do Orc after clearing Dungeon:15 true
     0 | D:1      | 0 ||| qw: Do second Lair branch before Depths: true
     0 | D:1      | 0 ||| qw: Lair rune preference: random
     0 | D:1      | 0 ||| qw: Goals: Normal
     0 | D:1      | 0 ||| PLANNING D:1-11
   138 | D:1      | Reached skill level 3 in Ranged Weapons
   138 | D:1      | Reached XP level 2. HP: 19/23 MP: 2/2
   376 | D:1      | 376 ||| UPGRADING to +0 pair of gloves.
   381 | D:1      | 381 ||| READING scroll labelled VUWUHEISAO.
   384 | D:1      | 384 ||| READING scroll labelled RYPUCK BEGAOTSA.
   385 | D:1      | 385 ||| DROPPING scroll of poison.
   424 | D:2      | Reached XP level 3. HP: 29/29 MP: 3/3
   553 | D:2      | Reached skill level 4 in Ranged Weapons
   736 | D:2      | Reached XP level 4. HP: 36/36 MP: 4/4
   755 | D:2      | 755 ||| Stepping ~*~*~tactically~*~*~ (outnumbered).
   757 | D:2      | 757 ||| Stepping ~*~*~tactically~*~*~ (outnumbered).
   759 | D:2      | 759 ||| Stepping ~*~*~tactically~*~*~ (outnumbered).
   777 | D:2      | 777 ||| FLEEEEING.
   778 | D:2      | 778 ||| FLEEEEING.
   779 | D:2      | 779 ||| FLEEEEING.
   780 | D:2      | 780 ||| FLEEEEING.
   781 | D:2      | 781 ||| FLEEEEING.
   782 | D:2      | 782 ||| FLEEEEING.
   783 | D:2      | 783 ||| FLEEEEING.
   784 | D:2      | 784 ||| FLEEEEING.
   785 | D:2      | 785 ||| FLEEEEING.
   786 | D:2      | 786 ||| FLEEEEING.
   787 | D:2      | 787 ||| FLEEEEING.
   788 | D:2      | 788 ||| FLEEEEING.
   789 | D:2      | 789 ||| FLEEEEING.
   790 | D:2      | 790 ||| FLEEEEING.
   791 | D:2      | 791 ||| FLEEEEING.
   792 | D:2      | 792 ||| FLEEEEING.
   793 | D:2      | 793 ||| FLEEEEING.
   794 | D:2      | 794 ||| FLEEEEING.
   940 | D:2      | Reached skill level 5 in Ranged Weapons
  1008 | D:2      | 1008 ||| UPGRADING to +0 leather armour.
  1018 | D:2      | 1018 ||| DROPPING +0 robe.
  1019 | D:2      | 1019 ||| READING scroll labelled ZOJUPHIUTIA.
  1020 | D:2      | 1020 ||| READING scroll labelled JIFRAP COSTOPP.
  1021 | D:2      | 1021 ||| DRINKING 2 pink potions.
  1022 | D:2      | 1022 ||| DRINKING 2 yellow potions.
  1023 | D:2      | 1023 ||| DROPPING potion of attraction.
  1132 | D:3      | Noticed Terence
  1145 | D:3      | Killed Terence
  1149 | D:3      | Reached skill level 3 in Fighting
  1149 | D:3      | Reached XP level 5. HP: 21/45 MP: 5/5
  1150 | D:3      | HP: 8/45 [gnoll/+0 spear (6)]
  1151 | D:3      | 1151 ||| DRINKING potion of heal wounds.
  1165 | D:3      | HP: 11/45 [hobgoblin (4)]
  1170 | D:3      | HP: 1/45 [gnoll/+0 flail (7)]
  1445 | D:3      | Noticed Sigmund
  1448 | D:3      | 1448 ||| FLEEEEING.
  1449 | D:3      | 1449 ||| FLEEEEING.
  1485 | D:3      | HP: 9/45 [Sigmund/+0 scythe (6)]
  1487 | D:3      | Killed Sigmund
  1488 | D:3      | Reached skill level 6 in Ranged Weapons
  1488 | D:3      | Reached XP level 6. HP: 11/51 MP: 6/6
  1491 | D:3      | 1491 ||| FLEEEEING.
  1492 | D:3      | 1492 ||| FLEEEEING.
  1493 | D:3      | 1493 ||| FLEEEEING.
  1494 | D:3      | 1494 ||| FLEEEEING.
  1495 | D:3      | 1495 ||| FLEEEEING.
  1496 | D:3      | 1496 ||| FLEEEEING.
  1497 | D:3      | 1497 ||| FLEEEEING.
  1498 | D:3      | 1498 ||| FLEEEEING.
  1499 | D:3      | 1499 ||| FLEEEEING.
  1500 | D:3      | 1500 ||| FLEEEEING.
  1502 | D:3      | 1502 ||| STAIRDANCE
  1630 | D:2      | 1630 ||| UPGRADING to +0 ring mail.
  1640 | D:2      | 1640 ||| DROPPING +0 leather armour.
  1641 | D:2      | 1641 ||| UPGRADING to ring of protection from cold.
  1642 | D:2      | 1642 ||| READING scroll labelled HEARCHOL JINA.
  1643 | D:2      | 1643 ||| READING scroll labelled HOCSOI MOUV.
  1644 | D:2      | 1644 ||| READING scroll labelled JEPHIPT BYEWK.
  1645 | D:2      | 1645 ||| READING 2 scrolls of identify.
  1645 | D:2      | 1645 ||| IDENTIFYING bubbling yellow potion
  1687 | D:3      | Found a shadowy altar of Dithmenos.
  1967 | D:3      | 1967 ||| UPGRADING to +2 robe of cold resistance.
  1977 | D:3      | 1977 ||| DROPPING +0 ring mail.
  2141 | D:4      | Reached skill level 7 in Ranged Weapons
  2436 | D:4      | 2436 ||| SWAPPING to +0 shortbow.
  2437 | D:4      | 2437 ||| DROPPING +1 sling.
  2627 | D:4      | 2627 ||| READING scroll labelled PUMAXA ETUPLERCHU.
  2638 | D:5      | Entered Level 5 of the Dungeon
  2644 | D:5      | 2644 ||| STAIRDANCE
  2648 | D:4      | HP: 6/46 [wight/+2 scimitar (7)]
  2649 | D:4      | 2649 ||| READING scroll of teleportation.
  2650 | D:4      | 2650 ||| DRINKING potion of heal wounds.
  2652 | D:4      | Reached XP level 7. HP: 48/53 MP: 7/7
  2692 | D:5      | 2692 ||| STAIRDANCE
  2699 | D:4      | Reached skill level 8 in Ranged Weapons
  2736 | D:5      | 2736 ||| STAIRDANCE
  2868 | D:5      | Reached skill level 3 in Dodging
  2906 | D:5      | Found Akalan's Self-Improvement Boutique.
  2949 | D:5      | Found a transporter.
  2950 | D:5      | Found a transporter.
  2951 | D:5      | Noticed qw's ghost (novice GrHs)
  3104 | D:5      | Reached XP level 8. HP: 40/68 MP: 8/8
  3120 | D:5      | Noticed Blork the orc
  3121 | D:5      | 3121 ||| FLEEEEING.
  3122 | D:5      | 3122 ||| FLEEEEING.
  3123 | D:5      | 3123 ||| FLEEEEING.
  3124 | D:5      | 3124 ||| FLEEEEING.
  3129 | D:5      | 3129 ||| FLEEEEING.
  3130 | D:5      | 3130 ||| FLEEEEING.
  3131 | D:5      | 3131 ||| FLEEEEING.
  3137 | D:5      | 3137 ||| FLEEEEING.
  3138 | D:5      | 3138 ||| FLEEEEING.
  3139 | D:5      | 3139 ||| FLEEEEING.
  3140 | D:5      | 3140 ||| FLEEEEING.
  3141 | D:5      | 3141 ||| FLEEEEING.
  3142 | D:5      | 3142 ||| FLEEEEING.
  3143 | D:5      | 3143 ||| FLEEEEING.
  3144 | D:5      | 3144 ||| FLEEEEING.
  3145 | D:5      | 3145 ||| FLEEEEING.
  3146 | D:5      | 3146 ||| FLEEEEING.
  3152 | D:5      | 3152 ||| FLEEEEING.
  3154 | D:5      | 3154 ||| STAIRDANCE
  3215 | D:4      | 3215 ||| UPGRADING to +2 robe of willpower.
  3225 | D:4      | 3225 ||| UPGRADING to +4 ring of protection.
  3226 | D:4      | 3226 ||| DROPPING ring of flight.
  3227 | D:4      | 3227 ||| DRINKING 2 blue potions.
  3242 | D:5      | Killed Blork the orc
  3243 | D:5      | Reached skill level 9 in Ranged Weapons
  3443 | D:5      | Reached skill level 1 in Armour
  3480 | D:5      | Found a staircase to the Ecumenical Temple.
  3481 | D:5      | 3481 ||| PLANNING TEMPLE
  3481 | D:5      | 3481 ||| UPGRADING to +2 cloak.
  3492 | Temple   | Entered the Ecumenical Temple
  3493 | Temple   | 3493 ||| PLANNING OKAWARU WORSHIP
  3505 | Temple   | Became a worshipper of Warmaster Okawaru
  3506 | Temple   | 3506 ||| PLANNING D:1-11
  3570 | D:6      | Noticed Pikel
  3579 | D:6      | 3579 ||| STAIRDANCE
  3589 | D:5      | Reached skill level 6 in Fighting
  3595 | D:5      | HP: 16/70 [Pikel/+2 whip of freezing (6)]
  3600 | D:5      | HP: 8/70 [lemure[Pikel] (2)]
  3600 | D:5      | HP: 3/70 [Pikel/+2 whip of freezing (1)]
  3602 | D:5      | HP: 1/70 [lemure[Pikel] (2)]
  3604 | D:5      | Slain by Pikel

Levels and vault maps discovered:
D:1:      ebering_trefoil_twist, layout_rooms
D:2:      layout_basic, lexackson_kobold_supper
D:3:      layout_basic, mainiacjoe_overflow_catwalk,
          hangedman_decor_peaks_small, uniq_sigmund, uniq_terence
D:4:      layout_basic
D:5:      layout_cave_pools, minmay_temple_entry_nine_rooms,
          gammafunk_ghost_hive, nicolae_shop_self_help, uniq_blork_the_orc
D:6:      layout_rooms, serial_shops, shop, uniq_maggie, uniq_pikel
Temple:   minmay_freezing_vapour_temple

Skill      XL: |  1  2  3  4  5  6  7  8 |
---------------+-------------------------+-----
Ranged Weapons | 3 4 5 6 7 8 9 |  9.0
Fighting       | 2 3 4 5 6 |  6.0
Dodging        | 3 |  3.5
Armour         | 1 |  1.4
Spellcasting   | |  1.0
Hexes          | |  2.0

Action                     |  1- 3 |  4- 6 |  7- 9 || total
---------------------------+-------+-------+-------++-------
   Fire: Sling             |    86 |   183 |       ||   269
         Shortbow          |       |    17 |   144 ||   161
    Use: Scroll            |     2 |     8 |       ||    10
         Potion            |       |     4 |     1 ||     5
 Armour: Robe              |     4 |     4 |    31 ||    39
         Leather armour    |       |    15 |       ||    15
         Ring mail         |       |     4 |       ||     4
  Dodge: Dodged            |    11 |    66 |    98 ||   175

Table legend:
 A = Non-vault XP
 B = Vault XP
 C = Vault XP percentage of total XP
 D = Non-vault monster count
 E = Vault monster count
 F = Vault count percentage of total count
                 A         B        C        D         E       F
            +---------+---------+-------+---------+---------+-------
      Total |    1383 |     368 |  21.0 |      88 |      11 |  11.1
            +---------+---------+-------+---------+---------+-------
        D:1 |      30 |       0 |   0.0 |      16 |       0 |   0.0
        D:2 |     106 |       9 |   7.8 |      20 |       8 |  28.6
        D:3 |     102 |     259 |  71.7 |      24 |       2 |   7.7
        D:4 |     520 |       0 |   0.0 |      16 |       0 |   0.0
        D:5 |     617 |     100 |  13.9 |      11 |       1 |   8.3
        D:6 |       8 |       0 |   0.0 |       1 |       0 |   0.0
            +---------+---------+-------+---------+---------+-------
